 Dungeon Crawl Stone Soup version 0.20.1-1-g8b1a95d (webtiles) character file.

22 Monsterracer the Insei (level 2, 0/14 HPs)
             Began as a Vine Stalker Transmuter on Sept 5, 2017.
             Succumbed to a gnoll's poison
             ... on level 1 of the Dungeon.
             The game lasted 00:01:27 (770 turns).

Monsterracer the Insei (Vine Stalker Transmuter)     Turns: 770, Time: 00:01:28

Health: 0/14       AC:  2    Str: 12    XL:     2   Next: 91%
Magic:  2/6        EV: 12    Int: 13    God:
Gold:   7          SH:  0    Dex: 14    Spells: 2/5 levels left

rFire    . . .     SeeInvis .     - Unarmed
rCold    . . .     Gourm    .   (no shield)
rNeg     . . .     Faith    .   b - +0 robe
rPois    .         Spirit   +   (no helmet)
rElec    .         Reflect  .   (no cloak)
rCorr    .         Harm     .   (no gloves)
MR       .....                  (boots currently unavailable)
Stlth    +.........             (no amulet)
Regen    0.1/turn               (no ring)
MPRegen  0.1/turn               (no ring)

@: lethally poisoned (0 -> -44), appendage, very slightly contaminated
A: fangs 2, talons 3, magic shield, antimagic bite, no potion heal 3, rot
immunity
a: End Transformation


You were on level 1 of the Dungeon.
You were not hungry.
You had grown temporary talons.
You visited 1 branch of the dungeon, and saw 2 of its levels.

You collected 7 gold pieces.

Inventory:

Missiles
 a - 11 arrows
Armour
 b - a +0 robe (worn)
Scrolls
 e - 2 scrolls of recharging {unknown}
 f - a scroll of teleportation {unknown}
Potions
 g - 2 potions of agility {unknown}
Books
 c - a book of Changes

   Spells                             Type                      Level
   a - Beastly Appendage              Transmutation                1
   b - Sticks to Snakes               Transmutation                2
   c - Spider Form                    Transmutation/Poison         3
   d - Ice Form                       Ice/Transmutation            4
   e - Blade Hands                    Transmutation                5
Comestibles
 d - 2 bread rations
 h - 2 royal jellies


   Skills:
 - Level 0.8 Fighting
 - Level 1.5 Dodging
 + Level 3.6 Unarmed Combat
 - Level 2.1 Spellcasting
 + Level 2.6 Transmutations


You had 2 spell levels left.
You knew the following spells:

 Your Spells              Type           Power        Failure   Level  Hunger
a - Beastly Appendage     Tmut           #.....       9%          1    ##.....
b - Sticks to Snakes      Tmut           #.......     13%         2    ###....


Dungeon Overview and Level Annotations

Branches:
Dungeon (2/15)

Altars:


Innate Abilities, Weirdness & Mutations

You have extremely sharp teeth.
When hurt, damage is shared between your health and your magic reserves.
Your bite disrupts and absorbs the magic of your enemies.
Potions cannot restore your health.
You are immune to rotting.
You have claws for feet.


Message History

You feel sick. The gnoll hits you but does no damage.
You are lethally poisoned!
Damage: -7%(-1hp) hp: 93%(13hp)
You hit the gnoll. Your kick misses the gnoll. Your bite misses the gnoll.
The gnoll is heavily wounded.
You feel sick.
The gnoll hits you with a whip of venom!
* * * LOW HITPOINT WARNING * * *
You are more poisoned.
Huge Dmg: -50%(-7hp) hp: 43%(6hp)
You closely miss the gnoll. You bite the gnoll. You drain its power.
You feel invigorated.
The gnoll is severely wounded.
* * * LOW HITPOINT WARNING * * *
You feel sick.
The gnoll hits you with a whip of venom.
* * * LOW HITPOINT WARNING * * *
You are more poisoned.
Huge Dmg: -21%(-3hp) hp: 22%(3hp)
You die...

#..###.....# #.## ..## ##..#.#
######..# ..# #...#.# #>>..##.#
..# #.#.#.## #....##.#
..####.#.#..# #....##.#
....##.#.##.# #....##.#
.##.......#.####g#.##.#########
.....#....#..# #.#.##.........#
.....#....##.###@#..#.........#
############..##.##.#....†....#
...#......###..#.##.#.........#
...#..###.# ##...##.#.........#
##'#....#.# ###†##...........#
.#....8.#.## #..............#
.#..#......## #.##...#########
.'.####.....# ##.##.......#
.#..#.......###..##.......#


You could see a gnoll.

Vanquished Creatures
  A dart slug (D:1)
  A giant cockroach (D:1)
  3 hobgoblins (D:1)
  3 kobolds (D:1)
  3 rats (D:1)
11 creatures vanquished.

Vanquished Creatures (collateral kills)
  A gnoll (D:1)
1 creature vanquished.

Grand Total: 12 creatures vanquished

Notes
Turn   | Place    | Note
-------+----------+-------------------------------------------
     0 | D:1      | Monsterracer the Vine Stalker Transmuter began the quest for the Orb.
     0 | D:1      | Reached XP level 1. HP: 9/9 MP: 4/4
   267 | D:1      | Reached XP level 2. HP: 13/14 MP: 6/6
   390 | D:1      | Learned a level 2 spell: Sticks to Snakes
   768 | D:1      | HP: 6/14 [gnoll/whip of venom (6)]
   770 | D:1      | Succumbed to a gnoll's poison

Action                   || total
-------------------------++-------
Melee: Unarmed           ||    34
       Headbutt          ||     3
       Bite              ||     5
 Cast: Beastly Appendage ||     6
       Sticks to Snakes  ||     1
 Stab: Sleeping          ||     1
Armor: Robe              ||     2
Dodge: Dodged            ||    15
